Map: Prion Terraces

Players

LilDicky - Winner!

  • Race: Terran Terran
  • League: Platinum

UncleIroh

  • Race: Protoss Protoss
  • League: Platinum

VOD

http://www.twitch.tv/tumescentpie

Description

Time

  • Played on: Nov. 20, 2015, 10:53 a.m.
  • Length: 5:17
Show
View Real Time Build Order
Export as new Build Order

LilDicky Terran - Winner!

Build Orders:  

Get SALT Encoding   

  12  0:02  SCV  
  13  0:14  SCV  
  13  0:18  Supply Depot  
  14  0:27  SCV, Refinery  
  15  0:39  SCV  
  16  0:49  Barracks  
  16  0:51  SCV  
  17  1:03  SCV  
  18  1:16  SCV  
  19  1:36  Orbital Command  
  19  1:37  Marine  
  19  1:39  Supply Depot  
  20  1:42  Factory  
  20  1:55  Marine  
  21  2:03  SCV  
  22  2:15  SCV, Marine  
  24  2:25  Barracks  
  24  2:26  Refinery, Barracks  
  24  2:28  SCV  
  25  2:32  Supply Depot  
  25  2:40  SCV  
  26  2:48  Widow Mine  
  26  2:50  Marine  
  29  2:52  SCV  
  29  3:06  SCV  
  29  3:09  Supply Depot  
  30  3:13  Barracks Tech Lab  
  30  3:14  Barracks Tech Lab  
  30  3:16  Widow Mine  
  30  3:19  Barracks Reactor  
  32  3:32  SCV  
  33  3:34  Combat Shields  
  33  3:36  Marauder, Marine  
  33  3:41  Supply Depot  
  36  3:44  SCV  
  37  3:52  Widow Mine  
  37  3:54  Marine  
  37  3:55  Marine  
  41  3:57  SCV  
  41  3:59  Marine x2  
  44  4:06  Supply Depot  
  44  4:09  SCV  
  47  4:17  Marauder  
  47  4:26  Marine x2  
  47  4:27  Marauder  
  51  4:40  Marine  
  51  4:44  Marine  
  53  4:48  SCV, Widow Mine, Marauder  
  58  4:59  Marine  
  58  5:01  SCV  
  61  5:08  Starport  
Show
View Real Time Build Order
Export as new Build Order

UncleIroh Protoss 

Build Orders: Oracle Opening 

Get SALT Encoding   

  12  0:02  Probe (Chrono Boost)  
  13  0:12  Probe (Chrono Boost)  
  14  0:18  Pylon  
  14  0:23  Probe (Chrono Boost)  
  15  0:36  Probe (Chrono Boost)  
  15  0:37  Gateway  
  16  0:43  Assimilator  
  16  0:47  Probe (Chrono Boost)  
  17  0:57  Probe (Chrono Boost)  
  18  1:08  Probe (Chrono Boost)  
  18  1:10  Pylon  
  20  1:18  Probe (Chrono Boost)  
  20  1:24  Cybernetics Core  
  20  1:27  Assimilator  
  20  1:29  Probe (Chrono Boost)  
  21  1:39  Probe (Chrono Boost)  
  21  2:03  Warp Gate (Chrono Boost)  
  21  2:05  Mothership Core (Chrono Boost)  
  23  2:14  Pylon  
  23  2:23  Probe (Chrono Boost)  
  23  2:24  Pylon  
  24  2:34  Probe (Chrono Boost)  
  24  2:36  Zealot  
  27  2:43  Stargate  
  27  2:45  Probe (Chrono Boost)  
  28  3:06  Nexus  
  28  3:15  Gateway  
  28  3:17  Gateway  
  28  3:31  Oracle  
  26  4:24  Mothership Core  
Tags
 
Add a new tag
Caveats
  • Supply blocks, unpowered buildings, or Contaminate may cause inaccurate times.
  • Supply counts are checked every 10 seconds.